 Dungeon Crawl Stone Soup version 0.26-a0-257-g47e9e61525 (webtiles) character file.

Game seed: 13638687784963954885

117 Infinimo the Magician (level 4, -9/30 HPs)
             Began as a Mummy Earth Elementalist on July 10, 2020.
             Killed from afar by an orc wizard (21 damage)
             ... with a puff of flame
             ... on level 3 of the Dungeon.
             The game lasted 00:02:53 (2892 turns).

Infinimo the Magician (Mummy Earth Elementalist)    Turns: 2892, Time: 00:02:55

Health: -9/30      AC:  2    Str: 11    XL:     4   Next: 71%
Magic:  9/10       EV: 12    Int: 15    God:
Gold:   85         SH:  0    Dex: 12    Spells: 7/11 levels left

rFire    x . .     SeeInvis .   a - +0 dagger (venom)
rCold    + . .     Faith    .   (no shield)
rNeg     + + +     Spirit   .   c - +0 robe
rPois    ∞         Reflect  .   (no helmet)
rElec    .         Harm     .   (no cloak)
rCorr    .                      (no gloves)
MR       .....                  (no boots)
Stlth    ++........             (no amulet)
HPRegen  0.10/turn              (no ring)
MPRegen  0.12/turn              (no ring)

@: no status effects
A: no food or potions, fire vulnerability, cold resistance 1, negative energy
resistance 3, torment resistance, unbreathing
a: no special abilities


You were on level 3 of the Dungeon.
You were not hungry.

You visited 1 branch of the dungeon, and saw 3 of its levels.

You collected 85 gold pieces.

Inventory:

Hand Weapons
 a - a +0 dagger of venom (weapon)
Missiles
 b - 88 stones (quivered)
Armour
 c - a +0 robe (worn)
Jewellery
 f - a +6 ring of dexterity {unknown}
Wands
 k - a wand of clouds (1)
Scrolls
 d - 3 scrolls of remove curse
 e - a scroll of identify {unknown}
 g - a scroll of enchant armour {unknown}
 h - a scroll of blinking {unknown}
 i - a scroll of enchant weapon {unknown}
 j - a scroll of fear {unknown}


   Skills:
 - Level 1.5 Dodging
 - Level 1.5 Stealth
 + Level 4.0 Spellcasting
 * Level 0.7 Conjurations
   Level 0.7 Transmutations
 * Level 3.9 Earth Magic


You had 7 spell levels left.
You knew the following spells:

 Your Spells              Type           Power        Failure   Level
a - Sandblast             Erth           ##....       3%          1
b - Stone Arrow           Conj/Erth      #.....       22%         3

Your spell library contained the following spells:

 Spells                   Type           Power        Failure   Level
 Passwall                 Tmut/Erth      #.......     11%         2
 Petrify                  Tmut/Erth      #.......     56%         4
 Lee's Rapid Deconstruct  Erth           ##........   69%         5


Dungeon Overview and Level Annotations

Branches:
Dungeon (3/15)

Altars:
Sif Muna
Trog


Innate Abilities, Weirdness & Mutations

You do not eat or drink.
Your flesh is vulnerable to fire.
You are immune to poison.
Your flesh is cold resistant. (rC+)
You are immune to negative energy. (rN+++)
You are immune to unholy pain and torment.
You can survive without breathing.


Message History

You are too injured to fight recklessly!
You are too injured to fight recklessly!
You are too injured to fight recklessly!
You are too injured to fight recklessly!
You are too injured to fight recklessly!
You are too injured to fight recklessly!
You are too injured to fight recklessly!
You are too injured to fight recklessly!
Casting: Sandblast (safe; 3% risk of failure)
Confirm with . or Enter, or press ? or * to list all spells.
Aiming: Sandblast (safe; 3% risk of failure)
Press: ? - help, Shift-Dir - straight line, f - orc wizard
Aim: an orc wizard, wielding a +0 dagger and wearing a +0 robe The blast of sand hits the orc wizard!
The orc wizard is heavily wounded.
b - 88 stones The orc wizard points at you and mumbles some strange words.
The puff of flame hits you!! The fire burns you terribly!
Ouch! That really hurt!
You die...

#. .. ##### . #. ...#
..####.####.####### #####
.......#....oooo@.######...#
..._...#.##.#####........#.#
...8...#.##.### ########...#
..._....r.r...# ##.######
#........####.# #.......#
#.#.###..### .# #..####.#
#........# .# #..###
##.##.)#o##.# #....# ..
#....o..# #.##.# #


You could see an orc wizard and 3 orcs.

Vanquished Creatures
  Jessica (D:2)
  Ijyb (D:3)
  An adder zombie (D:2)
  An adder skeleton (D:3)
  2 worms
  2 dart slugs
  2 leopard geckos
  6 orcs
  A giant cockroach (D:1)
  4 goblins
  2 hobgoblins (D:2)
  2 jackals (D:2)
  A quokka (D:3)
  2 ball pythons
  A bat (D:2)
  5 frilled lizards
  7 kobolds
  4 rats
45 creatures vanquished.

Notes
Turn   | Place    | Note
-------+----------+-------------------------------------------
     0 | D:1      | Infinimo the Mummy Earth Elementalist began the quest for
                  | the Orb.
     0 | D:1      | Reached XP level 1. HP: 13/13 MP: 4/4
   339 | D:1      | Reached skill level 3 in Spellcasting
   373 | D:1      | Reached XP level 2. HP: 7/19 MP: 4/6
   828 | D:2      | Noticed Jessica
  1148 | D:2      | Killed Jessica
  1148 | D:2      | Reached XP level 3. HP: 17/24 MP: 1/8
  1493 | D:2      | Reached XP level 4. HP: 13/30 MP: 7/9
  2323 | D:3      | Learned a level 3 spell: Stone Arrow
  2568 | D:3      | Noticed Ijyb
  2584 | D:3      | Killed Ijyb
  2584 | D:3      | Reached skill level 4 in Spellcasting
  2857 | D:3      | Found a bloodstained altar of Trog.
  2857 | D:3      | Found a shimmering blue altar of Sif Muna.
  2892 | D:3      | Killed from afar by an orc wizard

Illustrated notes

Levels and vault maps discovered:
D:1:      minmay_arrival_arboretum_small, layout_basic, minmay_distorted
D:2:      layout_rooms, uniq_jessica
D:3:      layout_loops_cross, chequers_temple_overflow_statue_of_worship,
          uniq_ijyb, uniq_sigmund

Skill      XL: |  1  2  3  4 |
---------------+-------------+-----
Spellcasting   | 3 4 |  4.0
Earth Magic    | 3 |  3.9
Dodging        | |  1.5
Stealth        | |  1.5
Conjurations   | |  0.7
Transmutations | |  0.7

Action                   |  1- 3 |  4- 6 || total
-------------------------+-------+-------++-------
Melee: Short sword       |    10 |       ||    10
       Unarmed           |     4 |       ||     4
       Dagger            |    29 |    65 ||    94
 Cast: Sandblast         |    28 |    11 ||    39
  Use: Scroll            |     4 |       ||     4
 Stab: Sleeping          |     2 |       ||     2
Armor: Robe              |    10 |    14 ||    24
Dodge: Dodged            |    58 |    30 ||    88

Table legend:
 A = Non-vault XP
 B = Vault XP
 C = Vault XP percentage of total XP
 D = Non-vault monster count
 E = Vault monster count
 F = Vault count percentage of total count
                 A         B        C        D         E       F
            +---------+---------+-------+---------+---------+-------
      Total |      95 |      73 |  43.5 |      43 |       2 |   4.4
            +---------+---------+-------+---------+---------+-------
        D:1 |      20 |       0 |   0.0 |      11 |       0 |   0.0
        D:2 |      53 |      37 |  41.1 |      23 |       1 |   4.2
        D:3 |      22 |      36 |  62.1 |       9 |       1 |  10.0
            +---------+---------+-------+---------+---------+-------
